Map: Overgrowth LE (Void)

Players

Kamuy - Winner!

  • Race: Protoss Protoss
  • League: Silver
  • Spawn Location: 7:00

ExtinctAI

  • Race: Terran Terran
  • League: Silver
  • Spawn Location: 1:00

VOD

Have the link to the VOD?

Description

Time

  • Played on: Dec. 3, 2016, 9:55 a.m.
  • Length: 13:21
Show
View Real Time Build Order
Export as new Build Order

Kamuy Protoss - Winner!

Build Orders: 1 Gate Expand 

Get SALT Encoding   

  12  0:01  Probe (Chrono Boost)  
  13  0:19  Pylon  
  13  0:35  Probe (Chrono Boost)  
  14  0:42  Gateway  
  14  0:49  Probe (Chrono Boost)  
  15  0:59  Probe (Chrono Boost)  
  16  1:10  Probe (Chrono Boost)  
  17  1:20  Gateway  
  17  1:31  Nexus  
  17  1:39  Cybernetics Core  
  17  1:47  Probe (Chrono Boost), Assimilator  
  18  1:58  Probe (Chrono Boost)  
  20  2:08  Probe (Chrono Boost)  
  20  2:09  Pylon  
  20  2:13  Assimilator  
  20  2:17  Warp Gate  
  20  2:19  Probe (Chrono Boost)  
  21  2:42  Probe (Chrono Boost)  
  21  2:43  Probe (Chrono Boost)  
  23  2:54  Probe (Chrono Boost)  
  25  3:04  Mothership Core (Chrono Boost)  
  26  3:15  Stalker  
  26  3:16  Stalker  
  30  3:21  Probe (Chrono Boost)  
  31  3:31  Probe (Chrono Boost)  
  32  3:42  Probe (Chrono Boost)  
  32  3:44  Gateway  
  32  3:45  Gateway  
  33  3:52  Probe (Chrono Boost)  
  33  3:54  Robotics Facility  
  34  3:56  Pylon, Assimilator  
  34  3:57  Pylon  
  34  4:01  Probe (Chrono Boost)  
  35  4:03  Probe (Chrono Boost)  
  36  4:13  Probe x2 (Chrono Boost)  
  38  4:22  Twilight Council  
  38  4:23  Zealot  
  38  4:24  Zealot, Probe (Chrono Boost)  
  43  4:37  Probe (Chrono Boost)  
  44  4:45  Assimilator  
  44  4:48  Probe (Chrono Boost)  
  44  4:51  Pylon  
  45  4:54  Pylon, Stalker x3  
  45  4:57  Pylon, Observer  
  52  5:09  Robotics Facility, Charge, Probe (Chrono Boost)  
  53  5:16  Probe (Chrono Boost)  
  53  5:20  Probe (Chrono Boost)  
  56  5:28  Probe (Chrono Boost)  
  56  5:30  Probe (Chrono Boost)  
  57  5:40  Zealot x2  
  57  5:41  Zealot x2  
  65  5:49  Forge  
  65  5:52  Forge  
  65  6:05  Nexus  
  65  6:24  Robotics Bay  
  65  6:25  Cybernetics Core  
  65  6:29  Pylon  
  65  6:40  Probe (Chrono Boost)  
  66  6:49  Zealot  
  66  6:50  Zealot x3  
  66  6:51  Probe (Chrono Boost)  
  75  7:05  Gateway  
  65  7:10  Gateway  
  57  7:17  Zealot  
  57  7:18  Zealot x3  
  57  7:19  Colossus  
  65  7:29  Probe (Chrono Boost)  
  64  7:37  Probe (Chrono Boost)  
  64  7:40  Probe (Chrono Boost)  
  66  7:45  Stalker x3  
  66  7:48  Probe (Chrono Boost)  
  66  7:50  Probe (Chrono Boost)  
  74  7:52  Colossus  
  81  7:58  Probe (Chrono Boost)  
  81  8:01  Probe (Chrono Boost)  
  81  8:02  Zealot  
  84  8:11  Probe (Chrono Boost)  
  85  8:16  Extended Thermal Lance  
  85  8:22  Probe (Chrono Boost)  
  80  8:33  Probe (Chrono Boost)  
  71  8:34  Stalker  
  71  8:35  Stalker x2  
  71  8:36  Stalker x3  
  75  8:43  Probe (Chrono Boost)  
  60  9:07  Zealot x2  
  60  9:08  Zealot x2  
  62  9:28  Protoss Ground Weapons Level 1  
  62  9:29  Protoss Ground Armor Level 1, Assimilator  
  62  9:33  Assimilator  
  62  9:34  Stalker x4  
  62  9:35  Stalker x2  
  62  9:36  Colossus  
  62  9:37  Colossus  
  86  10:04  Nexus  
  86  10:13  Stalker x3  
  86  10:14  Robotics Facility, Stalker x2  
  81  10:29  Colossus  
  81  10:30  Colossus  
  81  10:35  Stalker  
  75  10:49  Zealot x4  
  71  10:50  Zealot  
  75  11:00  Mothership Core (Chrono Boost)  
  75  11:02  Immortal  
  79  11:07  Zealot  
  81  11:17  Probe (Chrono Boost)  
  81  11:18  Probe (Chrono Boost)  
  83  11:29  Probe (Chrono Boost)  
  84  11:37  Pylon  
  84  11:38  Colossus  
  84  11:39  Probe (Chrono Boost)  
  91  11:40  Pylon  
  91  11:42  Immortal  
  91  11:43  Zealot x3  
  91  11:45  Stalker x2  
  105  11:50  Probe (Chrono Boost)  
  106  11:55  Assimilator  
  106  11:58  Assimilator  
  106  12:00  Probe (Chrono Boost)  
  95  12:11  Probe (Chrono Boost)  
  96  12:17  Stargate  
  96  12:19  Zealot x3, Stargate  
  96  12:20  Zealot x2  
  96  12:21  Probe (Chrono Boost)  
  103  12:26  Immortal  
  107  12:46  Stalker x5  
Show
View Real Time Build Order
Export as new Build Order

ExtinctAI Terran 

Build Orders:  

Get SALT Encoding   

  12  0:08  SCV  
  13  0:23  SCV  
  13  0:24  Supply Depot  
  14  0:36  SCV  
  15  0:48  SCV  
  15  0:49  Barracks  
  16  0:54  Refinery  
  16  1:01  SCV  
  17  1:15  SCV  
  18  1:33  Command Center  
  18  1:35  Orbital Command  
  18  1:41  Supply Depot  
  18  1:51  Marine  
  19  1:58  Barracks  
  19  2:10  Marine  
  20  2:19  SCV  
  21  2:32  SCV  
  21  2:33  Marine  
  23  2:48  Barracks Tech Lab  
  23  2:52  Barracks Reactor  
  23  2:55  Supply Depot  
  23  3:11  SCV  
  24  3:20  Stimpack, Marauder  
  24  3:21  Orbital Command  
  26  3:30  Marine x2  
  28  3:45  Orbital Command  
  28  3:48  Bunker  
  28  3:50  Marine x2  
  28  3:51  Marauder  
  32  4:01  SCV  
  32  4:09  Engineering Bay  
  32  4:11  Engineering Bay  
  32  4:22  SCV, Supply Depot  
  32  4:23  Marine x2  
  37  4:24  Marauder  
  37  4:33  Factory  
  37  4:34  Refinery  
  37  4:43  Terran Infantry Weapons Level 1  
  37  4:53  Marine x2  
  39  5:01  Terran Infantry Armor Level 1  
  39  5:09  SCV x2  
  39  5:12  Supply Depot  
  41  5:21  Marine x2  
  41  5:22  Marauder  
  41  5:25  Widow Mine  
  47  5:44  Missile Turret  
  47  5:47  Marine x2  
  47  5:48  Marauder  
  47  5:49  Supply Depot  
  51  5:50  SCV x2  
  53  6:07  Factory Reactor  
  53  6:08  Starport  
  53  6:12  SCV x2  
  53  6:13  Marine x2  
  53  6:14  Marauder  
  59  6:26  Supply Depot  
  59  6:39  Supply Depot  
  59  6:42  Marine x2  
  59  6:43  Marauder  
  63  6:50  Barracks  
  63  6:53  Barracks, Medivac x2  
  67  7:02  Armory  
  52  7:24  Marine x2  
  52  7:25  Marauder  
  56  7:40  Barracks Tech Lab  
  56  7:41  Barracks Reactor  
  56  7:46  Marauder  
  58  7:53  Marine x2  
  60  8:01  Command Center  
  61  8:07  Marauder  
  61  8:08  Marauder  
  61  8:09  Medivac  
  61  8:11  Marine  
  59  8:37  Marine x3  
  59  8:38  Marine, Marauder x2  
  58  8:55  Marine, Medivac  
  55  8:56  Medivac  
  53  9:11  Marine x4  
  53  9:12  Marine  
  53  9:17  Orbital Command  
  55  9:31  Marine  
  55  9:32  Marine, Marauder  
  55  9:33  Marauder  
  61  9:45  Marine  
  62  9:50  SCV x2  
  63  9:54  Marauder x2  
  67  10:25  SCV x2  
  67  10:26  Marine x5  
  67  10:27  Marauder  
  70  10:37  SCV  
  60  10:44  Marauder  
  60  10:45  SCV  
  60  10:46  Marine x3  
  60  10:49  SCV  
  63  10:57  SCV  
  63  10:58  Medivac x2  
  63  10:59  Marine  
  63  11:01  SCV  
  70  11:16  SCV x2  
  72  11:35  Marine x4  
  72  11:36  Marauder x2  
  72  11:38  Medivac x2  
  84  11:42  Combat Shields  
  84  11:45  Barracks  
  77  12:14  SCV x3, Marine x3  
  60  12:27  Viking x2  
  60  12:29  Marine x2  
  68  12:30  Marauder  
  68  12:32  Marine  
  68  12:33  Barracks Reactor  
  68  12:36  Barracks  
  69  12:41  SCV x3  
  69  12:42  Marine x2  
  74  12:47  Marine, Marauder  
  74  12:50  Marine  
  80  12:51  Barracks, Marauder  
  80  12:54  Barracks  
  80  12:56  Barracks  
  80  13:02  Starport  
Tags
 
Add a new tag
Caveats
  • Supply blocks, unpowered buildings, or Contaminate may cause inaccurate times.
  • Supply counts are checked every 10 seconds.